 Dungeon Crawl Stone Soup version 0.20.0-6-gd3061e9 (console) character file.

30 removed the Digger (level 3, -3/16 HPs)
             Began as a Vine Stalker Earth Elementalist on May 28, 2017.
             Slain by Natasha (6 damage)
             ... on level 1 of the Dungeon.
             The game lasted 00:01:38 (1453 turns).

removed the Digger (VSEE)                           Turns: 1453, Time: 00:01:38

Health: -3/16      AC:  3    Str: 10    XL:     3   Next: 18%
Magic:  0/7        EV: 12    Int: 15    God:
Gold:   32         SH:  0    Dex: 15    Spells: 5/6 levels left

rFire    . . .     SeeInvis .     - Unarmed
rCold    + . .     Gourm    .   (no shield)
rNeg     . . .     Faith    .   c - +0 robe
rPois    .         Spirit   +   (no helmet)
rElec    .         Reflect  .   (no cloak)
rCorr    .         Harm     .   f - +0 pair of gloves (curse)
MR       .....                  (no boots)
Stlth    ++........             (no amulet)
Regen    0.1/turn               m - ring of protection from cold
MPRegen  0.1/turn               (no ring)

@: no status effects
A: fangs 2, magic shield, antimagic bite, no potion heal 3, rot immunity
a: no special abilities


You were on level 1 of the Dungeon.
You were hungry.

You visited 1 branch of the dungeon, and saw 2 of its levels.

You collected 32 gold pieces.

Inventory:

Missiles
 b - 38 stones (quivered)
Armour
 c - a +0 robe (worn)
 f - a cursed +0 pair of gloves (worn)
Jewellery
 m - a ring of protection from cold (left hand)
Scrolls
 g - a scroll of immolation {unknown}
 k - a scroll of enchant weapon {unknown}
 l - a scroll of identify {unknown}
 n - a scroll of remove curse {unknown}
Books
 e - a book of Geomancy

   Spells                             Type                      Level
   a - Sandblast                      Earth                        1
   b - Passwall                       Transmutation/Earth          2
   c - Stone Arrow                    Conjuration/Earth            3
   d - Petrify                        Transmutation/Earth          4
   e - Lee's Rapid Deconstruction     Earth                        5
Comestibles
 d - a bread ration
 h - a meat ration
 j - 2 royal jellies


   Skills:
 - Level 1.5 Dodging
 - Level 2.4 Stealth
 + Level 2.7 Unarmed Combat
 - Level 2.1 Spellcasting
   Level 1.0 Transmutations
 - Level 3.0 Earth Magic


You had 5 spell levels left.
You knew the following spells:

 Your Spells              Type           Power        Failure   Level  Hunger
a - Sandblast             Erth           ##....       6%          1    #......


Dungeon Overview and Level Annotations

Branches:
Dungeon (2/15)

Altars:

Annotations:
D:1 Natasha


Innate Abilities, Weirdness & Mutations

You have extremely sharp teeth.
When hurt, damage is shared between your health and your magic reserves.
Your bite disrupts and absorbs the magic of your enemies.
Potions cannot restore your health.
You are immune to rotting.


Message History

Natasha misses you.
Unknown command.
You hit Natasha but do no damage.
Natasha is lightly wounded.
Natasha mumbles some strange words.
You feel disoriented. Natasha misses you.
You barely miss Natasha. You bite Natasha, but do no damage.
Natasha is lightly wounded.
Natasha closely misses you.
You barely miss Natasha. You bite Natasha.
Natasha's magic leaks into the air.
You drain her magic.
You feel invigorated.
Natasha is moderately wounded.
Natasha casts a spell at you. The magic dart hits you!
* * * LOW HITPOINT WARNING * * *
You hit Natasha.
Natasha is severely wounded.
Natasha claws you!
You die...

##.#.#..#.#.# #.#
#.##....#.#
###.####+#.###.#
##.#####.##
##.#......+.....###
##.###.##
##.#######'#.......#
##.#.##
#............#####.#
##.## ...####.....##
###.#### ### ##.#
##...## #.>....# #.#
###.### #)#.##.# ##.#
#.....# #@#.##.# ...#
#.....# #.h....# ####
#.....# #..#.#.# #
#.....# #..#.#.# #
#.....# #......# #
####### ##.....#
###################.###
......##.......# #.#
.####.##.#####.# #.#


You could see Natasha.

Vanquished Creatures
  A dart slug (D:1)
  2 leopard geckos (D:1)
  A ball python (D:1)
  4 bats (D:1)
  2 giant cockroaches (D:1)
  A goblin (D:1)
  2 jackals (D:1)
  2 frilled lizards (D:1)
  6 kobolds (D:1)
  7 rats (D:1)
28 creatures vanquished.

Notes
Turn   | Place    | Note
-------+----------+-------------------------------------------
     0 | D:1      | removed the Vine Stalker Earth Elementalist began the quest for the Orb.
     0 | D:1      | Reached XP level 1. HP: 9/9 MP: 4/4
   192 | D:1      | Reached skill level 1 in Unarmed Combat
   382 | D:1      | Reached XP level 2. HP: 12/13 MP: 6/6
  1051 | D:1      | Reached XP level 3. HP: 8/16 MP: 7/7
  1432 | D:2      | Noticed Natasha
  1453 | D:1      | Slain by Natasha

Skill      XL: |  1  2 |
---------------+-------+-----
Unarmed Combat | 1 2 |  2.7
Dodging        | |  1.5
Stealth        | |  2.4
Spellcasting   | |  2.1
Transmutations | |  1.0
Earth Magic    | |  3.0

Action                   || total
-------------------------++-------
Melee: Unarmed           ||   151
       Bite              ||    30
 Stab: Sleeping          ||     1
  Eat: Chunk             ||     1
Armor: Robe              ||    54
Dodge: Dodged            ||   112
